 Dungeon Crawl Stone Soup version 0.28.0-53-g5a82cb258f (webtiles) character file.

Game seed: 6162000006195261938

72 unlimited1921 the Magician (level 4, -11/31 HPs)
             Began as a Djinni Fire Elementalist on Aug 5, 2022.
             Killed from afar by Pikel (16 damage)
             ... with an iceblast
             ... on level 4 of the Dungeon.
             The game lasted 00:06:44 (5519 turns).

unlimited1921 the Magician (DjFE)                   Turns: 5519, Time: 00:06:45

Health: -11/31     AC:  5    Str:  7    XL:     4   Next: 50%
Gold:   102        EV: 11    Int: 19    God:
                   SH:  0    Dex: 13

rFire   + + .      SeeInvis .   d - +0 dagger
rCold   x . .      Faith    .   (no shield)
rNeg    . . .      Spirit   .   h - +0 leather armour
rPois   ∞          Reflect  .   (no helmet)
rElec   .          Harm     .   g - +0 cloak
rCorr   .          Rampage  .   j - +0 pair of gloves
Will    .....                   (boots unavailable)
Stlth   ++........              (no amulet)
HPRegen 0.10/turn               (no ring)
MPRegen 0.00/turn               (no ring)

@: flying
A: sickness immunity, fire resistance 2, cold vulnerability 1, float, innate
caster, HP casting, extra vitality 1
a: no special abilities


You were on level 4 of the Dungeon.
You visited 1 branch of the dungeon, and saw 4 of its levels.

You collected 102 gold pieces.

Inventory:

Hand Weapons
 d - a +0 dagger (weapon)
 n - a +0 hunting sling
Missiles
 b - 77 stones
 k - 44 sling bullets
Armour
 a - a +0 robe
 g - a +0 cloak (worn)
 h - a +0 leather armour (worn)
 j - a +0 pair of gloves (worn)
Scrolls
 c - a scroll of noise {unknown}
 f - 3 scrolls of fear {unknown}
 l - 2 scrolls of identify {unknown}
 m - a scroll of blinking {unknown}
 p - a scroll of enchant weapon {unknown}
Potions
 e - a potion of lignification {unknown}
 i - 2 potions of curing {unknown}
 o - a potion of berserk rage {unknown}


   Skills:
 + Level 0.6 Armour
 + Level 2.4 Dodging
 + Level 2.2 Stealth
 + Level 3.4 Spellcasting


You couldn't memorise any spells.
You knew the following spells:

 Your Spells              Type           Power      Damage    Failure   Level
a - Foxfire               Conj/Fire      64%        2x1d7     5%          1
b - Scorch                Fire           32%        2d7       8%          2
c - Conjure Flame         Conj/Fire      16%        6-21      16%         3
d - Inner Flame           Hex/Fire       16%        N/A       16%         3
e - Flame Wave            Conj/Fire      16%        2d6       45%         4
f - Pain                  Necr           64%        1d7       5%          1
Your spell library was empty.

Dungeon Overview and Level Annotations

Branches:
Dungeon (4/15)
 Temple: D:4-7

Altars:

Annotations:
D:3 3 runed translucent doors, BiteMe's ghost, weakling DsVM
D:4 Pikel


Innate Abilities, Weirdness & Mutations

You are immune to sickness and miasma.
You are immune to poison.
Your flesh is very heat resistant. (rF++)
You are vulnerable to cold. (rC-)
You float through the air rather than walking.
You learn spells naturally, not from books.
Your magical power is your life essence.
You have superior vitality. (+4 MHP)


Message History

There is an open door here.
BiteMe's ghost turns its malevolent gaze towards you.
You hear a shout!
Press: ? - help, . - travel You can't see that place. [a stone staircase leading down.]
There is a stone staircase leading down here.
You fly downwards.
There is a stone staircase leading up here.
Pikel and 2 lemures come into view.
Pikel is wielding a +0 whip of freezing and carrying a wand of iceblast (10).
Pikel shouts!
You hear a shout! x2
Pikel zaps a wand.
The mass of ice explodes!
The iceblast engulfs you.
The lemure shouts!
You hear an angry hiss.
Casting: Scorch (safe; 8% risk of failure)
Confirm with . or Enter, or press ? or * to list all spells.
Flames lash Pikel.
Pikel is lightly wounded.
Pikel's fire resistance burns away.
A lemure comes into view.
Casting: Scorch (safe; 8% risk of failure)
Confirm with . or Enter, or press ? or * to list all spells.
Flames lash Pikel.
Pikel is lightly wounded.
Casting: Scorch (safe; 8% risk of failure)
Confirm with . or Enter, or press ? or * to list all spells.
Flames lash the lemure.
The lemure is moderately wounded.
The lemure's fire resistance burns away.
Pikel closely misses you.
A lemure comes into view.
Pikel zaps a wand.
The mass of ice explodes!
The iceblast engulfs you!!
You feel a painful chill!
Ouch! That really hurt!
* * * LOW HITPOINT WARNING * * *
There is a stone staircase leading up here.
Pikel zaps a wand.
The mass of ice explodes!
The iceblast engulfs you!
You feel a painful chill!
Ouch! That really hurt!
You die...

. ..#
....#####
........##
......5..#
.....5K..#
......#.@#
#...5 ####
#... #..
#. .


You could see Pikel (combustible) and 2 lemures.

Vanquished Creatures
  3 adders
  2 dart slugs
  7 bats
  3 endoplasms
  5 giant cockroaches
  3 goblins
  3 hobgoblins
  A quokka (D:2)
  5 ball pythons
  A frilled lizard (D:2)
  A kobold (D:1)
  6 rats
40 creatures vanquished.

Vanquished Creatures (others)
  90 foxfires
  A fungus (D:2)
  10 plants (D:2)
101 creatures vanquished.

Grand Total: 141 creatures vanquished

Notes
Turn   | Place    | Note
-------+----------+-------------------------------------------
     0 | D:1      | unlimited1921 the Djinni Fire Elementalist began the quest
                  | for the Orb.
     0 | D:1      | Reached XP level 1. HP: 15/15 MP: 0/0
   666 | D:1      | Reached XP level 2. HP: 15/21 MP: 0/0
  2012 | D:2      | Reached skill level 3 in Spellcasting
  2012 | D:2      | Reached XP level 3. HP: 19/25 MP: 0/0
  2012 | D:2      | Learned a level 1 spell: Pain
  3028 | D:2      | Found a faded altar of an unknown god.
  3594 | D:2      | Reached XP level 4. HP: 26/31 MP: 0/0
  4590 | D:3      | Noticed BiteMe's ghost (weakling DsVM)
  4712 | D:3      | Found a runed translucent gate.
  4712 | D:3      | Found a runed translucent gate.
  4712 | D:3      | Found a runed translucent gate.
  5514 | D:4      | Noticed Pikel
  5514 | D:4      | Noticed a lemure
  5514 | D:4      | Noticed a lemure
  5515 | D:4      | Noticed a lemure
  5517 | D:4      | Noticed a lemure
  5519 | D:4      | Killed from afar by Pikel

Illustrated notes

Levels and vault maps discovered:
D:1:      tarquinn_simple_flora_water_a, layout_rooms
D:2:      layout_rooms, shapermc_ecumenical_altar_mp_ritualfount,
          kennysheep_generic_room_12
D:3:      layout_basic, gammafunk_ghost_icy
D:4:      layout_cave_pools, general_overflow_altar, uniq_pikel, uniq_eustachio,
          uniq_blork_the_orc, uniq_grinder

Skill      XL: |  1  2  3 |
---------------+----------+-----
Spellcasting   | 3 |  3.4
Stealth        | 2 |  2.2
Armour         | |  0.6
Dodging        | |  2.4

Action                   |  1- 3 |  4- 6 || total
-------------------------+-------+-------++-------
Melee: Dagger            |     1 |       ||     1
 Cast: Foxfire           |    43 |    10 ||    53
       Scorch            |    13 |    10 ||    23
Armor: Leather armour    |     1 |     1 ||     2
Dodge: Dodged            |     1 |     2 ||     3
